 Dungeon Crawl Stone Soup version 0.20-a0-623-gaf3b657 (webtiles) character file.

27785 MirrMurr the Nimble (level 13, -2/59 HPs)
             Began as a Spriggan Berserker on Feb 10, 2017.
             Was an Elder of Trog.
             Slain by a spiny frog (5 damage)
             ... on level 2 of the Lair of Beasts.
             The game lasted 00:51:54 (17310 turns).

MirrMurr the Nimble (Spriggan Berserker)           Turns: 17310, Time: 00:51:55

Health: -2/59      AC:  7    Str: 13    XL:     13   Next: 6%
Magic:  14/14      EV:  4    Int: 10    God:    Trog [****..]
Gold:   778        SH:  0    Dex: 19    Spells: 12/12 levels left

rFire    + + .     SeeInvis +   a - +2 rapier (elec)
rCold    . . .     Gourm    .   G - +1 steam dragon scales
rNeg     + + +     Faith    .   (shield restricted)
rPois    ∞         Spirit   .   (helmet restricted)
rElec    .         Reflect  .   J - +0 cloak {rF+}
rCorr    .         Harm     .   (gloves unavailable)
MR       ++...                  (boots unavailable)
Stlth    ++++++....             (no amulet)
Regen    0.2/turn               k - ring of protection from fire
                                f - +4 ring of evasion

@: lethally poisoned (-2 -> -2), petrified, very quick
A: unfitting armour, see invisible, herbivore 3, speed 3, slow metabolism 2
a: Berserk, Trog's Hand, Brothers in Arms, Burn Spellbooks, Renounce Religion


You were on level 2 of the Lair of Beasts.
You worshipped Trog.
Trog was greatly pleased with you.
You were not hungry.

You visited 2 branches of the dungeon, and saw 15 of its levels.
You also visited: Labyrinth and Volcano.

You collected 778 gold pieces.

Inventory:

Hand Weapons
 a - a +2 rapier of electrocution (weapon)
 b - a +0 hunting sling
Missiles
 d - 4 curare-tipped needles
 e - 365 stones
 h - 40 sling bullets
 m - 45 poisoned needles
 u - 3 steel tomahawks (quivered)
 v - a throwing net
Armour
 G - +1 steam dragon scales (worn)
 J - a +0 cloak of fire resistance (worn)
Jewellery
 f - a +4 ring of evasion (left hand)
 k - a ring of protection from fire (right hand)
 N - a +3 ring of intelligence
Wands
 i - a wand of lightning (15/15)
 n - a wand of digging (18/24)
 o - a wand of iceblast (9/15)
 y - a wand of clouds (5/9)
 E - a wand of paralysis (6/24)
 H - a wand of lightning (7/15)
 K - a wand of digging (6/24)
 L - a wand of lightning (3/15)
 M - a wand of digging (17/24)
 O - a wand of iceblast (14/15)
Scrolls
 g - 2 scrolls of blinking
 j - 2 scrolls of enchant armour
 p - 6 scrolls of teleportation
 r - 7 scrolls of remove curse
 s - 5 scrolls of fear
 x - a scroll of magic mapping
 I - a scroll of recharging
Potions
 l - a potion of flight
 q - 2 potions of berserk rage {unknown}
 t - a potion of resistance
 w - 2 potions of brilliance
 z - 6 potions of curing {unknown}
 A - a potion of mutation {unknown}
 C - a potion of invisibility {unknown}
 D - 2 potions of ambrosia {unknown}
Comestibles
 c - 9 bread rations
 F - 2 fruits


   Skills:
 - Level 2.4 Fighting
 - Level 10.5 Short Blades
 * Level 14.5(15.5) Slings
 - Level 7.9(11.2) Throwing
 + Level 14.6 Dodging
 + Level 13.7 Stealth


You had 12 spell levels left.
You didn't know any spells.

Dungeon Overview and Level Annotations

Branches:
Dungeon (11/15)            Temple (0/1) D:7            Lair (4/6) D:8
  Swamp (0/4) Lair:3        Snake (0/4) Lair:4
    Orc: D:9-12

Altars:
Dithmenos
Qazlal
Ru
Xom

Shops:
D:8 :   D:11 [

Annotations:
Lair:1 exclusion: oklob plant
Lair:3 Harold
Lair:4 mora's ghost, journeyman TrBe


Innate Abilities, Weirdness & Mutations

You are very small and have problems with some larger weapons.
You are too small for most types of armour.
You have supernaturally acute eyesight. (SInv)
You are a herbivore.
You cover ground extremely quickly.
You need consume almost no food.


Message History

The basilisk gazes at you. You resist with almost no effort.
You have turned to stone.
The spiny frog barely misses you.
The basilisk bites you but does no damage.
The spiny frog stings you. The basilisk bites you.
The spiny frog completely misses you. The spiny frog stings you!
The basilisk bites you. The spiny frog stings you!
The basilisk completely misses you. The spiny frog stings you!!
The basilisk bites you. The spiny frog stings you!! The basilisk bites you!
The spiny frog barely misses you. The basilisk bites you!
* * * LOW HITPOINT WARNING * * *
The spiny frog stings you!
* * * LOW HITPOINT WARNING * * *
The spiny frog stings you but does no damage.
The basilisk bites you!
* * * LOW HITPOINT WARNING * * *
The spiny frog stings you!
You die...

###..#..#.#.....###
#.......<..............
#......................
#...................)..
##.^....####....####....
#.......# ##..### ##..#
#......## ##..P# ##..#
##....l..# #.P####....
#.....F@# #.## #.#..P
#.......### ##.## ###..#
##........# #...#####...
#......#.###...##.##...
#......................
#.......#.####.........
#...##P...## #....#P###.
#..# ##..## #...)### #.
#.. #P..# ##)..## #.


You could see a spiny frog and a basilisk.

Vanquished Creatures
  A stone giant (Volcano)
  A minotaur (Lab)
  2 hydras (Lair:2)
  8 two-headed ogres
  3 skeletal warriors (D:11)
  An unseen horror (D:11)
  Pikel (D:7)
  An ugly thing (D:11)
  A cyclops (D:11)
  3 spiny frogs
  The ghost of Kokiki the Covered, a novice BaFi of Okawaru (D:5)
  2 gargoyles (Volcano)
  4 komodo dragons
  An efreet (Volcano)
  A merfolk (D:9)
  9 blink frogs
  3 hippogriffs
  A shadow (D:9)
  A wraith (D:11)
  A wyvern (D:10)
  2 basilisks
  18 yaks
  2 fire elementals (Volcano)
  A steam dragon (D:11)
  7 water moccasins
  3 porcupines
  Duvessa (D:7)
  3 orc warriors
  9 ogres
  11 wolves
  8 crocodiles
  5 centaurs
  8 bullfrogs
  Blork the orc (D:6)
  A big kobold (D:8)
  An earth elemental (Volcano)
  Dowan (D:7)
  5 scorpions
  11 killer bees
  3 wights (D:11)
  2 electric eels (D:11)
  3 howler monkeys
  A bullfrog zombie (D:8)
  5 crimson imps
  A quasit (D:7)
  A centaur zombie (D:6)
  2 jellies
  3 orc priests
  Crazy Yiuf (D:2)
  A centaur skeleton (D:3)
  A hound (D:11)
  2 gnoll shamans
  2 bullfrog skeletons
  3 iguanas
  7 orc wizards
  6 worker ants
  A hound zombie (D:6)
  3 worker ant zombies
  12 gnolls
  12 adders
  4 shadow imps
  An adder zombie (D:5)
  An adder skeleton (D:7)
  3 worms
  4 dart slugs
  3 leopard geckos
  44 orcs
  2 ball pythons (D:1)
  5 giant cockroaches
  10 goblins
  9 hobgoblins
  9 jackals
  2 quokkas
  11 bats
  4 frilled lizards
  9 kobolds
  A leopard gecko skeleton (D:5)
  10 rats
348 creatures vanquished.

Vanquished Creatures (others)
  A worker ant (D:7)
  An orc (D:7)
  6 fungi
8 creatures vanquished.

Grand Total: 356 creatures vanquished

Notes
Turn   | Place    | Note
-------+----------+-------------------------------------------
     0 | D:1      | MirrMurr the Spriggan Berserker began the quest for the Orb.
     0 | D:1      | Reached XP level 1. HP: 11/11 MP: 2/2
    75 | D:1      | Reached skill level 1 in Throwing
   132 | D:1      | Reached XP level 2. HP: 16/16 MP: 3/3
   240 | D:1      | Reached skill level 1 in Stealth
   513 | D:1      | Reached ** piety under Trog
   513 | D:1      | Reached XP level 3. HP: 8/19 MP: 4/4
   979 | D:2      | Found a shadowy altar of Dithmenos.
  1008 | D:2      | Found a runed door.
  1382 | D:2      | Reached XP level 4. HP: 23/23 MP: 5/5
  1615 | D:2      | Noticed Crazy Yiuf
  1622 | D:2      | Killed Crazy Yiuf
  1951 | D:3      | Reached XP level 5. HP: 27/27 MP: 6/6
  2030 | D:3      | Reached *** piety under Trog
  2030 | D:3      | Reached skill level 5 in Short Blades
  2906 | D:4      | Reached XP level 6. HP: 25/32 MP: 7/7
  3380 | D:5      | Entered Level 5 of the Dungeon
  3885 | D:5      | Noticed Kokiki's ghost (novice BaFi)
  3903 | D:5      | Killed Kokiki's ghost
  3903 | D:5      | Reached skill level 5 in Stealth
  3903 | D:5      | Reached XP level 7. HP: 16/35 MP: 8/8
  4568 | D:5      | Got a scintillating steel ring
  4570 | D:5      | Identified the ring "Jiguz" {MR+ Stlth-} (You found it on level 5 of the Dungeon)
  5322 | D:5      | Reached XP level 8. HP: 39/39 MP: 9/9
  5489 | D:6      | Noticed Blork the orc
  5508 | D:6      | Killed Blork the orc
  5540 | D:6      | Reached skill level 5 in Dodging
  5546 | D:6      | Reached skill level 5 in Throwing
  5631 | D:6      | Reached **** piety under Trog
  5709 | D:6      | Received a gift from Trog
  5903 | D:6      | Found a stormy altar of Qazlal.
  6558 | D:7      | Noticed Duvessa
  6558 | D:7      | Noticed Dowan
  6566 | D:7      | Reached XP level 9. HP: 36/43 MP: 10/10
  6576 | D:7      | Killed Duvessa
  6728 | D:8      | Noticed a two-headed ogre
  6738 | D:8      | Killed a two-headed ogre
  6785 | D:8      | Found Dicuirph's Book Shop.
  6804 | D:8      | Noticed a two-headed ogre
  6817 | D:8      | Reached skill level 10 in Dodging
  6837 | D:8      | Killed a two-headed ogre
  6837 | D:8      | Reached skill level 10 in Stealth
  6940 | D:7      | Found a staircase to the Ecumenical Temple.
  6952 | D:7      | Reached XP level 10. HP: 40/47 MP: 11/11
  7043 | D:7      | Killed Dowan
  7128 | D:7      | Noticed Pikel
  7167 | D:7      | Killed Pikel
  7356 | D:7      | Found a shimmering altar of Xom.
  7798 | D:8      | Received a gift from Trog
  7831 | D:8      | Noticed a two-headed ogre
  7838 | D:8      | Killed a two-headed ogre
  7842 | D:8      | Reached skill level 10 in Short Blades
  7850 | D:8      | Reached ***** piety under Trog
  8150 | D:8      | Found a staircase to the Lair.
  8260 | D:8      | Noticed a two-headed ogre
  8271 | D:8      | Killed a two-headed ogre
  8504 | D:8      | Noticed a two-headed ogre
  8506 | D:8      | Killed a two-headed ogre
  8645 | D:9      | Noticed a two-headed ogre
  8655 | D:9      | Killed a two-headed ogre
  8655 | D:9      | Reached XP level 11. HP: 51/51 MP: 12/12
  8831 | D:9      | Received a gift from Trog
  9288 | D:10     | Entered Level 10 of the Dungeon
  9322 | D:9      | Reached skill level 1 in Slings
 10879 | D:11     | Reached skill level 5 in Slings
 10965 | D:11     | Noticed an unseen horror
 10977 | D:11     | Killed an unseen horror
 11031 | D:11     | Received a gift from Trog
 11141 | D:11     | Noticed a skeletal warrior
 11558 | D:11     | Noticed a two-headed ogre
 11565 | D:11     | Noticed a skeletal warrior
 11619 | D:11     | Killed a two-headed ogre
 11629 | D:11     | Killed a skeletal warrior
 11648 | D:11     | Noticed a two-headed ogre
 11770 | D:11     | Killed a skeletal warrior
 12048 | D:11     | Killed a two-headed ogre
 12048 | D:11     | Reached skill level 10 in Slings
 12049 | D:11     | Found a sacrificial altar of Ru.
 12193 | D:11     | Noticed a skeletal warrior
 12197 | D:11     | Killed a skeletal warrior
 12283 | D:11     | Got a silken robe
 12294 | D:11     | Identified the cursed +0 robe of Democracy {rElec Str+8 Int+4 Stlth-} (You found it on level 11 of the Dungeon)
 12363 | D:11     | Found Roigrod's Antique Armour Shop.
 12422 | D:11     | Noticed a cyan ugly thing
 12508 | D:11     | Killed a cyan ugly thing
 12844 | Lair:1   | Entered Level 1 of the Lair of Beasts
 12881 | Lair:1   | Received a gift from Trog
 12881 | Lair:1   | Reached XP level 12. HP: 56/56 MP: 13/13
 14354 | Lair:2   | Noticed an eight-headed hydra
 14356 | Lair:2   | Killed an eight-headed hydra
 14356 | Lair:2   | Received a gift from Trog
 14522 | Lair:2   | Noticed a four-headed hydra
 15224 | Lair:2   | You fall through a shaft for 2 floors!
 15234 | Lair:4   | Noticed a seven-headed hydra
 15242 | Lair:4   | Found a dark tunnel.
 15247 | Lair:4   | Noticed mora's ghost (journeyman TrBe)
 15251 | Volcano  | Entered a volcano
 15343 | Volcano  | Noticed a stone giant
 15451 | Volcano  | Killed a stone giant
 15805 | Lair:4   | Noticed a four-headed hydra
 16014 | Lair:3   | Received a gift from Trog
 16025 | Lair:3   | Noticed Harold
 16065 | Lair:3   | Found a labyrinth entrance.
 16075 | Lab      | Entered a labyrinth
 16686 | Lab      | Noticed a minotaur
 16695 | Lab      | Killed a minotaur
 16699 | Lab      | Got a twisted double sword
 16730 | Lab      | Identified the +7 double sword "Zewy" {venom, rPois} (You found it in a labyrinth)
 16843 | Lair:3   | Reached XP level 13. HP: 43/59 MP: 14/14
 16951 | Lair:3   | Found a staircase to the Swamp.
 17310 | Lair:2   | Slain by a spiny frog

Vault maps used:
D:1:      scummos_arrival_star, minmay_misc_feat_four_crosses
D:2:      nicolae_dithmenos_through_a_glass_darkly, uniq_crazy_yiuf_cottage
D:3:      st_stairs_1
D:4:      first_bread, serial_aquarium, aquarium_bridge_square,
          aquarium_window_fake, aquarium_window_1, aquarium_view_2b,
          aquarium_balcony_3b
D:5:      lemuel_another_geyser
D:6:      nicolae_qazlal_eye_of_the_storm, uniq_blork_the_orc
D:7:      minmay_temple_entry_nine_rooms, xom_confusion_cloud, uniq_pikel,
          uniq_duvessa
D:8:      lair_entry_dummy, serial_shops, shop_statue
D:9:      hangedman_fish_farm, grunt_decor_fettered
D:11:     serial_shops, shop, minmay_misc_feat_room, nicolae_ru_awakened_eye
Lair:1:   st_stairs_12, minmay_lair_oklob_chamber, grunt_megastairs_4
Lair:3:   swamp_mist_pool, lab_entry_generic, nicolae_quartered_pool_little,
          minivault_11, uniq_harold
Lair:4:   minmay_snake_entry_guardpost_medium, nicolae_volcano_entry_lava_flow,
          serial_forest, infiniplex_forest_clump_medium,
          infiniplex_forest_zigzag_1, infiniplex_forest_lined_2,
          infiniplex_forest_clump_small, infiniplex_forest_lined_room_2,
          infiniplex_forest_lined_corner, basic_altar,
          kennysheep_abandoned_house
Lab:      nicolae_lab_swirl, lab_fountain, nicolae_lab_garden
Volcano:  volcano_pools

Skill      XL: |  1  2  3  4  5  6  7  8  9 10 11 12 |
---------------+-------------------------------------+-----
Throwing       | 1 2 3 4 5 6 7 |  7.9
Stealth        | 1 2 3 4 5 7 8 10 11 12 13 | 13.7
Short Blades   | 4 5 6 7 8 9 10 | 10.5
Dodging        | 7 10 13 14 | 14.6
Slings         | 11 14 | 14.5
Fighting       | |  2.4

Action                   |  1- 3 |  4- 6 |  7- 9 | 10-12 | 13-15 || total
-------------------------+-------+-------+-------+-------+-------++-------
Melee: Short sword       |    28 |       |       |       |       ||    28
       Dagger            |   120 |   206 |   470 |       |       ||   796
       Rapier            |       |       |    87 |   730 |    16 ||   833
 Fire: Hunting sling     |       |       |       |   429 |       ||   429
Throw: Stone             |     6 |       |    16 |       |       ||    22
Invok: Berserk           |       |     2 |     5 |    10 |       ||    17
       Trog's Hand       |       |       |     2 |     5 |     1 ||     8
       Burn Spellbooks   |       |       |       |     3 |       ||     3
  Use: Scroll            |     3 |     8 |     1 |    14 |       ||    26
       Potion            |       |       |     2 |     3 |       ||     5
 Stab: Sleeping          |     3 |     7 |     3 |    20 |     3 ||    36
       Distracted        |       |     1 |       |     1 |       ||     2
  Eat: Bread ration      |       |     1 |     1 |     3 |       ||     5
       Fruit             |       |     1 |       |     3 |       ||     4
       Royal jelly       |       |       |     1 |       |       ||     1
Armor: Animal skin       |    12 |    12 |       |       |       ||    24
       Robe              |       |    13 |    47 |     5 |       ||    65
       Steam dragon scal |       |       |       |    31 |     3 ||    34
Dodge: Dodged            |   115 |   150 |   376 |   623 |    11 ||  1275
